 Dungeon Crawl Stone Soup version 0.16-a0-2898-gc475c69 (webtiles) character file.

122806 rngod the Unseen (level 17, -1/102 HPs)
             Began as a Kobold Wanderer on Dec 1, 2014.
             Was the Champion of Fedhas.
             Engulfed by a swamp dragon's poison gas (3 damage)
             ... on level 5 of the Swamp.
             The game lasted 03:11:30 (36394 turns).

rngod the Unseen (Kobold Wanderer)                 Turns: 36394, Time: 03:11:30

Health: -1/102     AC: 22    Str: 15    XL:     17   Next: 8%
Magic:  39/39      EV: 28    Int: 13    God:    Fedhas [******]
Gold:   426        SH:  0    Dex: 25    Spells: 5 memorised, 11 levels left

rFire  + . .     SeeInvis .     a - +3 dagger (venom)
rCold  + . .     Clarity  .     x - quicksilver dragon armour "Erhu" {MR+ rCorr}
rNeg   . . .     SustAb   .     j - +0 buckler
rPois  .         Gourm    .     c - +2 helmet of the Tundras {rC+ MR+ Int+3}
rElec  .         Spirit   .     (no cloak)
rCorr  +         Warding  .     I - +2 pair of gloves {Str+3}
rMut   .         Stasis   .     g - +0 pair of boots
MR     +++..                    V - amulet of regeneration
Stlth  +++.......               U - ring of protection from fire
                                K - ring of Fro Norch {MP+9 Str+2 Dex+2}

@: confused, lethally poisoned, repel missiles, extremely resistant to hostile
enchantments, fairly stealthy
A: carnivore 3, high mp 1, spit poison 1
a: Spit Poison, Evolution, Sunlight, Growth, Reproduction, Rain, Renounce
Religion
}: 1/15 runes: gossamer


You were on level 5 of the Swamp.
You worshipped Fedhas.
Fedhas was exalted by your worship.
You were not hungry.

You visited 5 branches of the dungeon, and saw 36 of its levels.
You also visited: Labyrinth and Volcano.

You collected 3145 gold pieces.
You spent 2719 gold pieces at shops.

Inventory:

Hand weapons
 a - a +3 dagger of venom (weapon)
 b - a +3 hand crossbow of velocity
 E - a +0 triple crossbow
Missiles
 d - 37 bolts
 W - 15 bolts of flame
Armour
 c - the +2 helmet of the Tundras (worn) {rC+ MR+ Int+3}
   (You bought it in a shop on level 2 of the Orcish Mines)

   It affects your intelligence (+3).
   It protects you from cold.
   It affects your resistance to hostile enchantments.
 g - a +0 pair of boots (worn)
 j - a +0 buckler (worn)
 x - the quicksilver dragon armour "Erhu" (worn) {MR+ rCorr}
   (You bought it in a shop on level 4 of the Orcish Mines)

   It affects your resistance to hostile enchantments.
   It protects you from acid and corrosion.
 I - a +2 pair of gloves of strength (worn)
Jewellery
 l - an uncursed amulet of warding
 K - the ring of Fro Norch (left hand) {MP+9 Str+2 Dex+2}
   (You found it in a labyrinth)

   [ring of magical power]

   It affects your strength (+2).
   It affects your dexterity (+2).
   It affects your magic capacity (+9).
 U - a ring of protection from fire (right hand)
 V - an amulet of regeneration (around neck)
Magical devices
 e - a wand of enslavement (0)
 u - a wand of heal wounds (0)
 y - a wand of polymorph (12)
 B - a wand of cold (0)
 D - a wand of digging (14)
 H - a wand of fire (0)
 M - a wand of lightning (2)
 N - a wand of disintegration (8)
 X - a wand of paralysis (0)
Scrolls
 h - a scroll of fog
 o - 4 scrolls of teleportation
 q - 3 scrolls of recharging
 r - 3 scrolls of magic mapping
 t - 12 scrolls of remove curse
 z - a scroll of identify
 G - a scroll of blinking
 L - a scroll of fear
 R - 2 scrolls of holy word
 Y - a scroll of enchant weapon
 Z - a scroll of silence
Potions
 k - 5 potions of flight
 p - 4 potions of agility
 s - a potion of resistance
 w - 2 potions of brilliance
 A - a potion of restore abilities
 C - a potion of cancellation
 F - 2 potions of magic
 J - 2 potions of haste
 Q - a potion of might
 T - 2 potions of invisibility
Books
 m - a book of Control

   Spells                             Type                      Level
   a - Control Teleport               Charms/Translocation         4
   b - Control Undead                 Necromancy                   4
   c - Enslavement                    Hexes                        4
   d - Metabolic Englaciation         Hexes/Ice                    5
   e - Mass Confusion                 Hexes                        6
 v - a book of Beasts

   Spells                             Type                      Level
   a - Summon Butterflies             Summoning                    1
   b - Call Canine Familiar           Summoning                    3
   c - Summon Ice Beast               Ice/Summoning                4
   d - Summon Mana Viper              Hexes/Summoning              5
   e - Monstrous Menagerie            Summoning                    6
   f - Summon Hydra                   Summoning                    7
 S - a book of Debilitation

   Spells                             Type                      Level
   a - Corona                         Hexes                        1
   b - Slow                           Hexes                        2
   c - Inner Flame                    Hexes/Fire                   3
   d - Enslavement                    Hexes                        4
   e - Cause Fear                     Hexes                        4
   f - Leda's Liquefaction            Hexes/Earth                  4
Miscellaneous
 n - a fan of gales
Comestibles
 f - 9 meat rations
 i - a fruit
 P - 6 beef jerkies


   Skills:
 - Level 10.0 Fighting
 - Level 10.2 Short Blades
 - Level 10.1 Crossbows
 - Level 9.0 Armour
 + Level 13.8 Dodging
 - Level 18.0 Stealth
 - Level 7.0 Shields
 - Level 3.3 Spellcasting
 - Level 5.0 Conjurations
 - Level 3.1 Hexes
 - Level 6.0 Charms
 - Level 3.0 Air Magic
 - Level 8.0 Invocations
 - Level 5.1 Evocations


You had 11 spell levels left.
You knew the following spells:

 Your Spells              Type           Power        Failure   Level  Hunger
a - Repel Missiles        Chrm/Air       ##....       8%          2    ##.....
b - Swiftness             Chrm/Air       ##......     8%          2    ##.....
c - Flight                Chrm/Air       ##........   12%         3    ###....
d - Dazzling Spray        Conj/Hex       ##......     14%         3    ###....
e - Summon Butterflies    Summ           #.......     24%         1    #......


Dungeon Overview and Level Annotations

Branches:
Dungeon (14/15)            Temple (0/1) D:5            Lair (8/8) D:11
  Swamp (5/5) Lair:4       Spider (5/5) Lair:6        Slime (0/6) Lair:8
    Orc (4/4) D:10            Elf (0/3) Orc:4        Vaults (0/5) D:13

Altars:
Ashenzari
Cheibriados
Dithmenos
Elyvilon
Fedhas
Gozag
Kikubaaqudgha
Sif Muna
Vehumet
Xom
Beogh

Shops:
D:7 !   D:12 :([(   Orc:2 *   Orc:4 [[?:[%![(

Annotations:
Swamp:3 exclusion: slime creature
Spider:3 Agnes


Innate Abilities, Weirdness & Mutations

You are small and have problems with some larger weapons.
You are carnivorous and can eat meat at any time.
You have an increased reservoir of magic (+10% MP).
You can spit poison.


Message History

Evoke which item? (* to show all) (? for menu, Esc to quit)
Zapping:
u - a wand of heal wounds (2)
Press: ? - help, Shift-Dir - straight line, f - you You heal the swamp dragon.
The swamp dragon is heavily wounded.
This wand has 1 charge left.
You are engulfed in poison gas.
You are more poisoned.
* * * LOW HITPOINT WARNING * * *
x2 You feel extremely sick.
The swamp drake closely misses you. The swamp dragon misses you.
The swamp dragon completely misses you. x2
The swamp drake completely misses you.
Evoke which item? (* to show all) (? for menu, Esc to quit)
Zapping:
u - a wand of heal wounds (1)
Press: ? - help, Shift-Dir - straight line, f - you Nothing appears to happen.
This wand has 0 charges left.
You are engulfed in poison gas.
You are more poisoned.
You die...
Fedhas appreciates your contribution to the ecosystem.

♣♣♣♣≈≈··≈≈≈≈≈≈≈≈≈≈◦◦≈◦≈≈≈≈░≈░░░
≈♣·≈····≈♣≈··≈§≈≈≈≈≈◦≈◦◦◦≈░≈◦░░░░░░
≈·≈≈≈··(··≈♣◦◦◦░░≈◦◦≈≈≈◦◦≈░░░≈◦◦░░◦
≈·≈≈≈·≈≈§≈·♣♣≈♣♣♣♣░░░≈≈≈≈≈◦░░░≈≈░◦◦
♣♣≈·≈♣≈≈≈<··♣♣♣≈≈♣♣ ░░░≈≈≈≈░ ░◦≈◦≈≈
♣♣♣♣♣♣≈≈≈§≈§·≈·≈§·♣ ░░░░░░ ░░≈◦≈◦
♣≈≈·♣♣≈≈§§§≈§·♣♣ ░░≈◦◦
♣♣··♣♣≈≈§≈§P§§§♣♣♣♣♣♣♣♣♣♣ ░░◦◦
♣♣♣♣·≈≈♣§§§§@k§··≈≈·≈··♣░ ░░◦ ♣
░◦♣≈≈·♣♣♣§D§k▒≈····≈·♣≈░░░░░◦ ♣
░≈≈··≈♣ ♣♣§§§·%··≈§·♣░░≈≈░░≈≈ ♣♣♣♣
░···≈≈♣░░♣♣§·≈≈≈♣♣·≈♣░░≈◦◦◦░≈ P··♣♣
░░≈≈≈··≈≈≈♣▒§♣≈♣♣░≈◦≈·♣░≈░≈≈░
··≈§♣♣♣♣♣≈≈·◦◦░≈░░♣♣♣♣░≈◦◦◦░·░░≈≈░░
♣♣·≈≈♣≈≈≈♣≈≈≈░░░≈░░≈░░◦░◦◦◦░≈◦░≈≈░░
···≈♣♣≈≈≈♣≈≈◦░░░░░≈░░░≈░◦◦░░░≈░░░░░
≈≈≈≈♣≈≈≈≈♣◦◦◦◦░ ░░░░◦░░░≈░░░░░ ░░


You could see a swamp dragon and 2 swamp drakes.

Vanquished Creatures
  An orc warlord (Orc:1)
  2 ghost moths
  An emperor scorpion (Spider:5)
  A minotaur (Lab)
  A vault guard (D:13)
  4 ogre magi (Orc:4)
  3 centaur warriors (D:13)
  6 hydras
  3 alligators (Swamp:3)
  11 death yaks
  A tengu warrior (D:13)
  An orc high priest (Orc:4)
  The ghost of Thrillho the Carver, an experienced OpBe of Trog (D:8)
  Nergalle (D:12)
  2 unseen horrors
  Erolcha (D:8)
  3 hill giants
  4 orc knights
  11 wolf spiders
  An ugly thing (D:11)
  2 orc sorcerers (Orc:4)
  A cyclops (D:13)
  6 orb spiders
  5 red wasps
  A toenail golem (Volcano)
  2 molten gargoyles (Volcano)
  8 black mambas
  Joseph (D:12)
  2 moths of wrath
  13 spiny frogs
  Psyche (D:8)
  2 gargoyles
  2 centaur skeletons (D:13)
  An efreet (Volcano)
  7 komodo dragons
  2 fire drakes (Lair:8)
  14 demonic crawlers
  A polar bear (Lair:8)
  6 trolls
  Sonja (D:12)
  Prince Ribbit (D:8)
  10 jumping spiders
  A wind drake (shapeshifter) (D:13)
  10 blink frogs
  4 slime creatures (D:12)
  15 two-headed ogres
  3 boulder beetles
  11 redbacks
  41 yaks
  10 trapdoor spiders
  2 basilisks
  2 deep elf magi
  A fire bat (Volcano)
  2 shadows (Lab)
  A hungry ghost (D:8)
  4 tarantellas
  5 vampire mosquitoes
  7 hippogriffs
  3 steam dragons
  2 wyverns
  27 wolves
  5 wargs
  A hell hound (Volcano)
  Edmund (D:5)
  A soldier ant (shapeshifter) (D:11)
  2 mottled dragons
  8 yellow wasps
  A soldier ant (D:8)
  6 swamp worms
  5 phantoms
  32 orc warriors
  11 spiders
  2 black bears
  9 porcupines
  3 sky beasts
  21 water moccasins
  2 swamp drakes
  11 ice beasts
  A necrophage (D:8)
  26 ogres
  3 boring beetles
  12 centaurs
  15 crocodiles
  15 giant frogs
  2 gnoll sergeants (D:9)
  A big kobold (D:12)
  Blork the orc (D:5)
  A wyvern zombie (D:6)
  A wyvern skeleton (D:12)
  11 killer bees
  3 wights (D:8)
  6 scorpions
  2 electric eels (Lair:4)
  A vampire bat (D:8)
  4 crimson imps
  2 goliath beetles
  A giant frog zombie (D:7)
  2 centaur zombies
  A lava snake (Volcano)
  3 giant frog skeletons
  2 jellies
  20 worker ants
  27 orc priests
  13 hounds
  A wyvern simulacrum (D:11)
  6 iguanas
  33 orc wizards
  22 sheep
  4 orange rats (Lair:5)
  A hound zombie (D:8)
  2 worker ant zombies
  31 adders
  14 gnolls
  62 river rats
  A worm (D:5)
  4 giant geckos
  2 oozes
  188 orcs
  4 bat skeletons
  4 bat zombies (D:8)
  6 giant cockroaches
  30 goblins
  19 hobgoblins
  22 kobolds
  2 ball pythons
  12 bats
  3 giant newts
  8 jackals
  2 jackal skeletons
  13 quokkas
  A quokka skeleton (D:9)
  17 rats
1110 creatures vanquished.

Vanquished Creatures (collateral kills)
  A fire dragon (Lair:8)
  3 hydras
  3 death yaks
  A guardian serpent (Lair:8)
  A spiny frog (Lair:8)
  A red devil (Volcano)
  3 blink frogs
  A slime creature (Swamp:2)
  A basilisk (Lair:8)
  A vampire mosquito (Swamp:2)
  A porcupine (Lair:1)
  3 swamp drakes
  2 orc warriors
  2 hell hounds (Volcano)
  A crocodile (Lair:7)
  2 orc priests (Orc:2)
  3 sheep (Lair:8)
  An adder (Lair:4)
  4 orcs (Orc:2)
35 creatures vanquished.

Vanquished Creatures (others)
  An orc warlord (Orc:4)
  8 oklob plants
  A slime creature (Swamp:2)
  4 wandering mushrooms
  A spiny frog (Swamp:2)
  A giant leech (Swamp:2)
  2 orc priests
  2 iguanas (Lair:8)
  2 orcs
  2 giant spores
  A ballistomycete (D:14)
  31 fungi
  12 plants
  968 toadstools
1036 creatures vanquished.

Grand Total: 2181 creatures vanquished

Notes
Turn   | Place    | Note
--------------------------------------------------------------
     0 | D:1      | rngod, the Kobold Wanderer, began the quest for the Orb.
     0 | D:1      | rngod set off with: a +2 hand crossbow, a +0 ring mail, a wand of random effects (15), 24 bolts, a meat ration
     0 | D:1      | Reached XP level 1. HP: 16/16 MP: 1/1
    88 | D:1      | Reached XP level 2. HP: 17/21 MP: 2/2
   163 | D:1      | HP: 1/21 [jackal (2)]
   533 | D:1      | Reached XP level 3. HP: 26/26 MP: 3/3
   982 | D:2      | Found a blossoming altar of Fedhas.
  1019 | D:2      | Became a worshipper of Fedhas Madash
  1120 | D:2      | Reached XP level 4. HP: 26/31 MP: 4/4
  1295 | D:2      | Found a shattered altar of Ashenzari.
  1743 | D:3      | Found a radiant altar of Vehumet.
  1758 | D:3      | Reached XP level 5. HP: 35/35 MP: 6/6
  1782 | D:3      | Acquired Fedhas' first power
  1883 | D:3      | Reached skill level 5 in Crossbows
  2071 | D:3      | Found a snail-covered altar of Cheibriados.
  2339 | D:3      | Reached XP level 6. HP: 40/40 MP: 7/7
  2349 | D:3      | Acquired Fedhas' second power
  2604 | D:3      | Reached skill level 6 in Crossbows
  2946 | D:4      | Reached skill level 5 in Stealth
  3272 | D:4      | Reached skill level 7 in Crossbows
  3272 | D:4      | Reached XP level 7. HP: 44/44 MP: 8/8
  3513 | D:4      | Noticed a two-headed ogre
  3581 | D:5      | Entered Level 5 of the Dungeon
  3652 | D:5      | Noticed Blork the orc
  3659 | D:5      | Killed Blork the orc
  3659 | D:5      | Reached skill level 8 in Crossbows
  4046 | D:5      | Found a shadowy altar of Dithmenos.
  4053 | D:5      | Reached skill level 9 in Crossbows
  4053 | D:5      | Reached XP level 8. HP: 50/50 MP: 9/9
  4180 | D:5      | Found a staircase to the Ecumenical Temple.
  4476 | D:5      | Noticed Edmund
  4503 | D:5      | Killed Edmund
  4916 | D:6      | Reached skill level 10 in Crossbows
  5021 | D:6      | HP: 2/50 [wyvern zombie (4)]
  5024 | D:6      | Reached skill level 1 in Dodging
  5459 | D:6      | Reached skill level 5 in Dodging
  5521 | D:6      | Reached skill level 1 in Short Blades
  5521 | D:6      | Reached XP level 9. HP: 34/54 MP: 10/10
  5938 | D:6      | Found a white marble altar of Elyvilon.
  6152 | D:7      | HP: 2/54 [poisoned by a scorpion]
  6159 | D:7      | HP: 2/54 [poisoned by a scorpion]
  6182 | D:7      | Got a dazzling ring mail
  6199 | D:7      | Identified the +1 ring mail of Xoeraqoj {+Inv} (You found it on level 7 of the Dungeon)
  6473 | D:7      | Acquired Fedhas' third power
  6487 | D:7      | Reached skill level 5 in Short Blades
  6888 | D:7      | Found an opulent altar of Gozag.
  7353 | D:7      | Found Qefiwnax's Distillery.
  7362 | D:7      | Bought a potion of curing for 48 gold pieces
  7362 | D:7      | Bought a potion of heal wounds for 80 gold pieces
  7362 | D:7      | Bought a potion of heal wounds for 80 gold pieces
  7362 | D:7      | Bought a potion of poison for 16 gold pieces
  7720 | D:7      | HP: 1/54 [orc warrior/short sword (13)]
  7900 | D:8      | Reached XP level 10. HP: 59/59 MP: 12/12
  7956 | D:8      | Noticed Erolcha
  8036 | D:8      | Noticed Prince Ribbit
  8056 | D:8      | Reached skill level 1 in Invocations
  8181 | D:8      | Killed Prince Ribbit
  8181 | D:8      | Reached skill level 10 in Stealth
  8182 | D:8      | Acquired Fedhas' fourth power
  8298 | D:8      | Reached skill level 1 in Shields
  8626 | D:8      | Noticed Thrillho's ghost (experienced OpBe)
  8743 | D:8      | Killed Thrillho's ghost
  8827 | D:8      | Noticed Psyche
  8829 | D:8      | Killed Psyche
  8829 | D:8      | Reached skill level 5 in Shields
  8850 | D:8      | Found an ancient bone altar of Kikubaaqudgha.
  9882 | D:9      | Reached XP level 11. HP: 64/64 MP: 14/14
 10230 | D:9      | Acquired Fedhas' fifth power
 10514 | D:9      | Found a shimmering altar of Xom.
 10663 | D:10     | Entered Level 10 of the Dungeon
 10727 | D:11     | Found a staircase to the Lair.
 11020 | D:12     | Found Chyosant's Armour Shoppe.
 11042 | D:12     | Noticed Nergalle
 11049 | D:12     | Noticed Sonja
 11057 | D:12     | Found Hesm's Weapon Emporium.
 11098 | D:12     | Noticed Joseph
 11105 | D:12     | Found Klimof Taqi's Book Shoppe.
 11122 | D:12     | Found a labyrinth entrance.
 11123 | D:12     | Found Veami's Weapon Boutique.
 11132 | Lab      | Entered a labyrinth
 11213 | Lab      | Noticed a minotaur
 11216 | Lab      | Paralysed by a minotaur for 7 turns
 11235 | Lab      | Killed a minotaur
 11238 | Lab      | Got a coiled turquoise ring
 11283 | Lab      | Identified the ring of Hodocw {SustAb Int+2 Dex+1} (You took it off a minotaur in a labyrinth)
 11305 | Lab      | Got a translucent granite ring
 11307 | Lab      | Identified the ring of Fro Norch {MP+9 Str+2 Dex+2} (You found it in a labyrinth)
 12188 | D:12     | Noticed a hill giant
 12609 | D:10     | Killed an unseen horror
 12609 | D:10     | Reached skill level 10 in Dodging
 12745 | D:10     | Noticed a hill giant
 12784 | D:10     | Noticed a hill giant
 12873 | D:9      | Killed a hill giant
 12960 | D:10     | Found a roughly hewn altar of Beogh.
 12961 | D:10     | Noticed an orc knight
 12961 | D:10     | Noticed an orc knight
 12962 | D:10     | Found a staircase to the Orcish Mines.
 13099 | D:9      | Killed an orc knight
 13227 | D:9      | Reached XP level 12. HP: 68/68 MP: 19/19
 13456 | D:10     | Killed a hill giant
 13567 | D:10     | Killed an orc knight
 13567 | D:10     | Reached skill level 5 in Invocations
 13738 | D:8      | Killed Erolcha
 13738 | D:8      | Reached skill level 10 in Short Blades
 13903 | D:11     | Noticed a green ugly thing
 13922 | D:11     | Killed a green ugly thing
 14006 | D:11     | Gained mutation: You have an increased reservoir of magic (+10% MP). [potion of beneficial mutation]
 14842 | D:11     | Reached skill level 11 in Stealth
 14935 | Lair:1   | Entered Level 1 of the Lair of Beasts
 15728 | Lair:1   | Reached skill level 12 in Stealth
 16184 | Lair:1   | Reached skill level 5 in Armour
 16362 | Lair:2   | Found a deep blue altar of Sif Muna.
 16676 | Lair:2   | Reached XP level 13. HP: 73/73 MP: 24/24
 17258 | Lair:3   | Reached skill level 13 in Stealth
 18108 | Lair:4   | Reached skill level 14 in Stealth
 18493 | Lair:4   | Got a transparent rapier
 18494 | Lair:4   | Identified the +3 rapier "Khian" {holy, Str+2} (You found it on level 4 of the Lair of Beasts)
 18898 | Lair:4   | Reached skill level 15 in Stealth
 19503 | Lair:5   | Found a dark tunnel.
 19508 | Volcano  | Entered a volcano
 19728 | Volcano  | Found a burning altar of Makhleb.
 20296 | Lair:5   | Identified 2 scrolls of acquirement
 20536 | Lair:6   | Found a hole to the Spider Nest.
 20650 | Lair:6   | Learned a level 2 spell: Repel Missiles
 20653 | Lair:6   | Learned a level 2 spell: Swiftness
 20657 | Lair:6   | Learned a level 3 spell: Flight
 21050 | Lair:6   | Reached skill level 1 in Charms
 21214 | Lair:6   | Reached XP level 14. HP: 78/78 MP: 27/27
 21866 | Lair:7   | Reached skill level 5 in Charms
 22066 | Lair:7   | Reached skill level 1 in Air Magic
 22884 | Lair:8   | Entered Level 8 of the Lair of Beasts
 24201 | Lair:8   | Learned a level 3 spell: Dazzling Spray
 24320 | Lair:8   | Reached XP level 15. HP: 33/88 MP: 28/28
 24739 | Lair:8   | Found a staircase to the Slime Pits.
 25475 | Lair:4   | Found a staircase to the Swamp.
 25710 | Orc:1    | Entered Level 1 of the Orcish Mines
 26636 | Orc:2    | Noticed an orc warlord
 26925 | Orc:2    | Found Blyrein's Assorted Antiques.
 27089 | Orc:1    | Killed an orc warlord
 27321 | Orc:2    | Bought a steaming helmet for 256 gold pieces
 27321 | Orc:2    | Bought a scroll of identify for 54 gold pieces
 27332 | Orc:2    | Identified the +2 helmet of the Tundras {rC+ MR+ Int+3} (You bought it in a shop on level 2 of the Orcish Mines)
 27839 | Orc:4    | Entered Level 4 of the Orcish Mines
 27839 | Orc:4    | Found Qaryud's Book Emporium.
 27839 | Orc:4    | Found Kla Cliu's Magic Scroll Emporium.
 27839 | Orc:4    | Found Stoloyth's Antique Armour Shop.
 27881 | Orc:4    | Found a staircase to the Elven Halls.
 27929 | Orc:4    | Found Placs' Antique Armour Shoppe.
 27941 | Orc:4    | Bought a scroll of identify for 28 gold pieces
 27941 | Orc:4    | Bought a scroll of identify for 28 gold pieces
 27941 | Orc:4    | Bought a scroll of identify for 28 gold pieces
 27941 | Orc:4    | Bought a scroll of magic mapping for 49 gold pieces
 27941 | Orc:4    | Bought a scroll of magic mapping for 49 gold pieces
 27941 | Orc:4    | Bought a scroll of magic mapping for 49 gold pieces
 27941 | Orc:4    | Bought a scroll of fear for 49 gold pieces
 28047 | Orc:4    | Found Rutoc's Armour Shoppe.
 28112 | Orc:4    | Noticed an orc warlord
 28130 | Orc:4    | an orc warlord (ally) was killed
 28343 | Orc:4    | Found Striang's Food Boutique.
 28343 | Orc:4    | Found Naegg's Armour Emporium.
 28343 | Orc:4    | Found Wopt's Distillery.
 28344 | Orc:4    | Found Qemoem's Antique Weapon Shop.
 28451 | Orc:4    | Reached skill level 10 in Fighting
 28707 | Orc:4    | Found a roughly hewn altar of Beogh.
 29328 | Orc:4    | Bought a potion of haste for 150 gold pieces
 29674 | Orc:4    | Bought a spiked quicksilver dragon armour for 1755 gold pieces
 29685 | Orc:4    | Identified the quicksilver dragon armour "Erhu" {MR+ rCorr} (You bought it in a shop on level 4 of the Orcish Mines)
 29994 | D:12     | Killed Sonja
 30353 | D:12     | Killed Joseph
 30723 | D:12     | Killed Nergalle
 30723 | D:12     | Reached skill level 1 in Conjurations
 30905 | D:12     | Reached skill level 1 in Hexes
 31453 | D:13     | Reached skill level 5 in Evocations
 31507 | D:13     | Reached XP level 16. HP: 41/97 MP: 29/29
 31854 | D:13     | Found a gate to the Vaults.
 32646 | Spider:1 | Entered Level 1 of the Spider Nest
 32759 | Spider:3 | Noticed Agnes
 32895 | Spider:3 | Reached skill level 16 in Stealth
 33057 | Spider:5 | Entered Level 5 of the Spider Nest
 33340 | Spider:5 | Reached skill level 1 in Spellcasting
 33877 | Spider:5 | Gained mutation: You can spit poison. [potion of beneficial mutation]
 34531 | Spider:5 | Reached skill level 17 in Stealth
 34686 | Spider:5 | HP: 2/97 [poisoned by a ghost moth]
 34870 | Spider:5 | Reached skill level 5 in Conjurations
 35036 | Spider:5 | Got a gossamer rune of Zot
 35592 | Swamp:1  | Entered Level 1 of the Swamp
 35853 | Swamp:2  | Reached skill level 18 in Stealth
 36105 | Swamp:3  | Reached XP level 17. HP: 102/102 MP: 30/30
 36108 | Swamp:3  | Learned a level 1 spell: Summon Butterflies
 36219 | Swamp:5  | Entered Level 5 of the Swamp
 36393 | Swamp:5  | HP: 2/102 [poisoned by a swamp dragon (poison gas)]
 36394 | Swamp:5  | Engulfed by a swamp dragon's poison gas

Action                   |  1- 3 |  4- 6 |  7- 9 | 10-12 | 13-15 | 16-18 || total
-------------------------+-------+-------+-------+-------+-------+-------++-------
Melee: Whip              |    50 |       |       |       |       |       ||    50
       Dagger            |    85 |    64 |   263 |  1061 |  3848 |  1876 ||  7197
       Hand crossbow     |       |       |       |     1 |       |       ||     1
 Fire: Hand crossbow     |    30 |    79 |   117 |   119 |    33 |       ||   378
 Cast: Repel Missiles    |       |       |       |       |     3 |       ||     3
Invok: Evolution         |       |       |       |     3 |    14 |     3 ||    20
       Growth            |       |       |       |     1 |     1 |     1 ||     3
Evoke: Wand              |       |       |       |     8 |    23 |    34 ||    65
  Use: Potion            |     1 |     1 |     8 |     3 |     7 |    11 ||    31
       Scroll            |       |     7 |     6 |    13 |    18 |    15 ||    59
 Stab: Sleeping          |     2 |     3 |    19 |    40 |   114 |    26 ||   204
       Distracted        |       |       |       |     9 |    16 |     3 ||    28
       Confused          |       |       |       |       |     2 |     2 ||     4
  Eat: Chunk             |     8 |     4 |    17 |    33 |    60 |     8 ||   130
       Meat ration       |       |       |       |       |       |     2 ||     2
